 Dungeon Crawl Stone Soup version 0.18.1-8-gdd0e5ea (webtiles) character file.

355 GFox the Shield-Bearer (level 6, -16/49 HPs)
             Began as a Formicid Fighter on May 25, 2016.
             Demolished by an orc warrior
             ... wielding a +0 halberd
             ... created by the fury of Okawaru
              (18 damage)
             ... in the Ecumenical Temple.
             The game lasted 00:30:30 (4384 turns).

GFox the Shield-Bearer (Formicid Fighter)           Turns: 4384, Time: 00:30:35

Health: -16/49     AC: 10    Str: 23    XL:     6   Next: 95%
Magic:  6/6        EV:  8    Int:  3    God:
Gold:   134        SH:  9    Dex:  9    Spells: 0 memorised, 5 levels left

rFire  . . .     SeeInvis +     a - +0 war axe
rCold  . . .     Gourm    .     b - +0 scale mail
rNeg   . . .     Faith    .     c - +0 shield
rPois  .         Spirit   .     (helmet unavailable)
rElec  .         Dismiss  .     h - +2 cloak
rCorr  .         Reflect  .     (no gloves)
SustAt .         Harm     .     (no boots)
MR     .....                    (no amulet)
Stlth  ..........               (no ring)
                                (no ring)

@: slow, not resistant to hostile enchantments, extremely unstealthy
A: permanent stasis, dig shafts and tunnels, four strong arms, antennae 3, rough
black scales 1, blurry vision 2, deformed body, dopey 2, regeneration 1,
screaming 1
a: Dig, Shaft Self


You were in the Ecumenical Temple.
You were not hungry.

You visited 2 branches of the dungeon, and saw 5 of its levels.

You collected 193 gold pieces.
You paid 59 gold pieces to Gozag.

Inventory:

Hand Weapons
 a - a +0 war axe (weapon)
Missiles
 C - 2 javelins (quivered)
Armour
 b - a +0 scale mail (worn)
 c - a +0 shield (worn)
 h - a +2 cloak (worn)
Rods
 y - a -1 iron rod (13/13)
   (You found it on level 3 of the Dungeon)
Jewellery
 D - the ring "Soihuet" {*Drain rN+ EV+2 Int+3}
   (You found it on level 4 of the Dungeon)

   [ring of evasion]

   It affects your evasion (+2).
   It affects your intelligence (+3).
   It protects you from negative energy.
   It causes draining when unequipped.
Wands
 n - a wand of random effects (20/48)
Scrolls
 e - 2 scrolls of identify {unknown}
 j - 3 scrolls of amnesia {unknown}
 k - a scroll of noise {unknown}
 l - 2 scrolls of enchant armour {unknown}
 q - a scroll of immolation {unknown}
 s - a scroll of fog {unknown}
 t - 3 scrolls of remove curse
 w - a scroll of random uselessness {unknown}
Potions
 d - a potion of might
 i - a potion of resistance {unknown}
 m - a potion of lignification {unknown}
 r - a potion of beneficial mutation {unknown}
 u - 2 potions of degeneration {unknown}
 v - a potion of curing {unknown}
 x - a potion of brilliance {unknown}
 A - a potion of ambrosia {unknown}
 B - 2 potions of flight {unknown}
Books
 p - a book of Changes

   Spells                             Type                      Level
   a - Beastly Appendage              Transmutation                1
   b - Sticks to Snakes               Transmutation                2
   c - Spider Form                    Transmutation/Poison         3
   d - Ice Form                       Ice/Transmutation            4
   e - Blade Hands                    Transmutation                5
Comestibles
 f - 6 bread rations
 g - 3 meat rations


   Skills:
 + Level 4.5(2.2) Fighting
 + Level 3.3(1.6) Axes
 + Level 4.4(2.2) Armour
 + Level 2.2(1.1) Dodging
 + Level 0.3(0.1) Stealth
 + Level 5.3(2.6) Shields


You had 5 spell levels left.
You didn't know any spells.

Dungeon Overview and Level Annotations

Branches:
Dungeon (4/15)             Temple (1/1) D:4

Altars:
Ashenzari
Cheibriados
Fedhas
Gozag
Kikubaaqudgha
Makhleb
Nemelex Xobeh
Okawaru
Ru
Trog
Xom
Yredelemnul
The Shining One


Innate Abilities, Weirdness & Mutations

You are under a permanent stasis effect.
You can dig through walls and to a lower floor.
Your four strong arms can wield two-handed weapons with a shield.
You have a pair of large antennae on your head (SInv).
You are partially covered in rough black scales (AC +4, Dex -1).
Scrolls take you longer to read.
Armour fits poorly on your strangely shaped body.
You are very dopey. (Int -4)
Your natural rate of healing is unusually fast.
You occasionally shout uncontrollably at your foes.


Message History

You barely miss the orc. The ogre barely misses you.
You block the orc's attack. You block the orc warrior's attack.
The ogre hits you but does no damage. The orc priest barely misses you.
The orc barely misses you. x2
The orc warrior hits you with a halberd!!
* * * LOW HITPOINT WARNING * * *
You slash the ogre!
The ogre is heavily wounded.
You barely miss the orc warrior. You hit the orc.
The orc is heavily wounded.
You slash the orc priest!
The orc priest is heavily wounded.
You hit the orc.
The orc is lightly wounded.
The orc priest barely misses you. The ogre hits you with a giant club.
* * * LOW HITPOINT WARNING * * *
The orc closely misses you. You block the orc priest's attack.
The orc hits you but does no damage. You block the ogre's attack.
The orc warrior hits you with a halberd!!
You die...

.........♣......♣≈≈≈≈..♣
.......♣♣♣♣.....♣♣≈≈≈≈♣♣
♣♣.._...♣ ♣♣♣...♣ ♣♣≈♣♣
♣.....♣♣ ♣♣..♣♣ ≈≈♣
♣..#.♣♣ ♣♣..♣ ≈≈ ♣♣♣♣♣♣
♣..♣♣♣♣ ♣♣....♣♣
♣♣.Ooo..♣ ♣...@o..♣
♣♣..o...♣ ♣♣♣..♣♣♣ ♣♣♣♣


You could see an orc warrior, an ogre (berserk), an orc priest and 2 orcs.

Vanquished Creatures
  A hound (D:4)
  Ijyb (D:2)
  An orc wizard (D:4)
  Natasha (D:2)
  A worker ant (D:4)
  The ghost of euphoricsektor the Magician, a weakling DsWz (D:3)
  3 gnolls (D:2)
  9 adders
  2 oozes
  An iguana skeleton (Temple)
  3 worms
  2 dart slugs (D:1)
  3 giant geckos
  4 orcs (D:4)
  10 bats
  5 giant cockroaches
  6 goblins
  7 hobgoblins
  2 quokkas
  2 ball pythons
  4 giant newts
  A jackal skeleton (D:4)
  9 kobolds
  11 rats
90 creatures vanquished.

Vanquished Creatures (others)
  A ball lightning (Temple)
1 creature vanquished.

Grand Total: 91 creatures vanquished

Notes
Turn   | Place    | Note
--------------------------------------------------------------
     0 | D:1      | GFox the Formicid Fighter began the quest for the Orb.
     0 | D:1      | Reached XP level 1. HP: 18/18 MP: 1/1
   153 | D:1      | Reached XP level 2. HP: 23/24 MP: 2/2
   338 | D:1      | Reached XP level 3. HP: 29/29 MP: 3/3
   363 | D:1      | Reached skill level 4 in Shields
   902 | D:2      | Noticed Ijyb
   911 | D:2      | Killed Ijyb
   911 | D:2      | Reached XP level 4. HP: 32/37 MP: 4/4
   978 | D:2      | Reached skill level 1 in Dodging
  1037 | D:2      | Reached XP level 5. HP: 31/42 MP: 5/5
  1052 | D:2      | Found a shimmering altar of Xom.
  1081 | D:2      | Became a worshipper of Xom of Chaos
  1112 | D:2      | XOM: potion effect (brilliance)
  1129 | D:2      | XOM: potion effect (curing)
  1142 | D:2      | XOM: give mutation
  1142 | D:2      | Gained mutation: Armour fits poorly on your strangely shaped body. [Xom's mischief]
  1143 | D:2      | Fell from the grace of Xom
  1205 | D:2      | Noticed Natasha
  1214 | D:2      | Killed Natasha
  1353 | D:2      | XOM: medium Tloc miscast
  1520 | D:2      | XOM: summons 3 hostile shadow creatures
  2249 | D:3      | Noticed euphoricsektor's ghost (weakling DsWz)
  2258 | D:3      | Killed euphoricsektor's ghost
  2258 | D:3      | Reached XP level 6. HP: 35/48 MP: 6/6
  2348 | D:3      | Found a glowing golden altar of the Shining One.
  2816 | D:3      | XOM: mild Conj miscast
  3107 | D:3      | XOM: give mutations
  3107 | D:3      | Gained mutation: You are partially covered in rough black scales (AC +4, Dex -1). [Xom's mischief]
  3107 | D:3      | Gained mutation: You occasionally shout uncontrollably at your foes. [Xom's mischief]
  3107 | D:3      | Gained mutation: Your body sometimes deteriorates upon taking damage. [Xom's mischief]
  3294 | D:4      | XOM: noise
  3399 | D:4      | Reached skill level 5 in Shields
  3575 | D:4      | XOM: give mutations
  3575 | D:4      | Gained mutation: You are dopey. (Int -2) [Xom's mischief]
  3575 | D:4      | Gained mutation: Scrolls take you a little longer to read. [Xom's mischief]
  3575 | D:4      | Gained mutation: Scrolls take you longer to read. [Xom's mischief]
  3575 | D:4      | Lost mutation: Your body sometimes deteriorates upon taking damage. [Xom's mischief]
  3923 | D:4      | Got a sparkling granite ring
  4090 | D:4      | Found a staircase to the Ecumenical Temple.
  4099 | Temple   | Entered the Ecumenical Temple
  4119 | Temple   | Became a worshipper of Makhleb the Destroyer
  4120 | Temple   | Fell from the grace of Makhleb
  4131 | Temple   | Became a worshipper of the Shining One
  4132 | Temple   | Fell from the grace of the Shining One
  4141 | Temple   | Became a worshipper of Cheibriados the Contemplative
  4142 | Temple   | Fell from the grace of Cheibriados
  4148 | Temple   | Became a worshipper of Kikubaaqudgha
  4149 | Temple   | Fell from the grace of Kikubaaqudgha
  4166 | Temple   | Became a worshipper of Fedhas Madash
  4167 | Temple   | Fell from the grace of Fedhas
  4193 | Temple   | Became a worshipper of Gozag Ym Sagoz the Greedy
  4194 | Temple   | Fell from the grace of Gozag
  4200 | Temple   | Became a worshipper of Warmaster Okawaru
  4201 | Temple   | Fell from the grace of Okawaru
  4243 | Temple   | Became a worshipper of Yredelemnul the Dark
  4244 | Temple   | Fell from the grace of Yredelemnul
  4251 | Temple   | Became a worshipper of Nemelex Xobeh the Trickster
  4252 | Temple   | Fell from the grace of Nemelex Xobeh
  4259 | Temple   | Became a worshipper of Ru the Awakened
  4260 | Temple   | Fell from the grace of Ru
  4267 | Temple   | Became a worshipper of Trog the Wrathful
  4268 | Temple   | Fell from the grace of Trog
  4288 | Temple   | Became a worshipper of Ashenzari the Shackled
  4288 | Temple   | Identified the ring "Soihuet" {*Drain rN+ EV+2 Int+3} (You found it on level 4 of the Dungeon)
  4293 | Temple   | Fell from the grace of Ashenzari
  4354 | Temple   | XOM: give mutations
  4354 | Temple   | Gained mutation: You are very dopey. (Int -4) [Xom's mischief]
  4354 | Temple   | Gained mutation: Your natural rate of healing is unusually fast. [Xom's mischief]
  4380 | Temple   | Noticed an orc warrior
  4380 | Temple   | Noticed an ogre
  4384 | Temple   | HP: 2/49 [ogre/giant club[the fury of Okawaru] (6)]
  4384 | Temple   | Demolished by an orc warrior

Skill      XL: |  1  2  3  4  5  6 |
---------------+-------------------+-----
Shields        | 4 5 |  5.3
Dodging        | 1 2 |  2.2
Armour         | 4 |  4.4
Fighting       | 4 |  4.5
Axes           | 3 |  3.3
Stealth        | |  0.3

Action                   |  1- 3 |  4- 6 || total
-------------------------+-------+-------++-------
Melee: War axe           |   102 |   244 ||   346
Invok: Renounce Religion |       |    13 ||    13
 Abil: Dig               |     1 |       ||     1
  Eat: Chunk             |       |     8 ||     8
       Fruit             |       |     5 ||     5
       Meat ration       |       |     1 ||     1
       Beef jerky        |       |     1 ||     1
Armor: Scale mail        |    48 |   101 ||   149
Dodge: Dodged            |    33 |   119 ||   152
Block: Shield            |    60 |   176 ||   236
